Get step-by-step instructions on how to execute this build order below. Start the game timer, and the build order will tick by so you can play in parallel with StarCraft on a second screen or mobile device.

Game Time

  0:00

Last Step

  N/A

Next Step

Upcoming Step



Don't want to look back and forth between 2 screens? Try out our Overwolf App, the Spawning Tool Build Advisor to get an in-game overlay with this build!

Complete Build Order

  12  0:18  Pylon  
  12  0:37  Probe  
  13  0:49  Gateway, Probe  
  14  0:52  Assimilator  
  14  0:57  Probe  
  15  1:05  Probe  
  16  1:15  Probe  
  17  1:27  Probe  
  18  1:47  Cybernetics Core  
  18  1:55  Pylon  
  18  1:58  Pylon  
  18  2:00  Assimilator  
  18  2:05  Probe  
  19  2:14  Probe  
  19  2:21  Zealot  
  19  2:22  Probe  
  23  2:34  Probe  
  24  2:39  Protoss Air Weapons Level 1  
  24  2:46  Probe  
  24  2:48  Zealot  
  27  2:54  Stargate  
  27  2:59  Probe  
  28  3:09  Pylon  
  28  3:10  Zealot  
  28  3:11  Probe  
  31  3:30  Oracle  
  31  3:32  Zealot  
  31  3:38  Pylon  
  36  3:59  Zealot  
  38  4:07  Oracle  
  41  4:20  Gateway  
  41  4:26  Zealot  
  43  4:53  Zealot  
  45  5:02  Pylon  
  45  5:14  Forge  
  45  5:21  Zealot  
  47  5:38  Stalker  
  49  5:47  Stalker  
  49  5:48  Oracle